Map: 中心协议

Players

shengy - Winner!

  • Race: Zerg Zerg
  • League: Gold

EPHIXA

  • Race: Protoss Protoss
  • League: Platinum

VOD

Have the link to the VOD?

Description

Time

  • Played on: Dec. 13, 2015, 12:24 a.m.
  • Length: 13:19
Show
View Real Time Build Order
Export as new Build Order

shengy Zerg - Winner!

Build Orders: Pool First, Lurkers 

Get SALT Encoding   

  12  0:01  Drone  
  13  0:09  Drone  
  14  0:16  Overlord  
  14  0:35  Drone x3  
  17  0:46  Drone  
  18  0:51  Spawning Pool  
  17  0:58  Drone  
  18  1:08  Drone  
  20  1:18  Drone  
  20  1:24  Hatchery  
  19  1:36  Drone  
  20  1:40  Drone  
  20  1:44  Queen  
  20  1:45  Extractor  
  23  1:57  Overlord  
  23  2:07  Hatchery  
  22  2:17  Drone  
  22  2:18  Drone  
  24  2:23  Queen  
  24  2:25  Overlord  
  26  2:42  Queen  
  28  2:46  Drone x2  
  29  2:53  Drone x2  
  29  2:54  Drone x3  
  34  3:01  Drone x2  
  36  3:15  Zergling x2  
  36  3:17  Drone  
  36  3:18  Queen  
  41  3:20  Zergling x2  
  41  3:32  Extractor, Roach Warren  
  41  3:33  Drone x5, Extractor  
  43  3:37  Drone x2  
  45  3:58  Drone x2  
  47  4:07  Drone x4, Extractor x2  
  49  4:13  Evolution Chamber  
  48  4:18  Drone x2  
  48  4:20  Overlord x3  
  49  4:29  Lair  
  49  4:37  Overlord x2  
  49  4:46  Drone x2  
  49  4:47  Drone x2  
  49  4:49  Zerg Missile Weapons Level 1  
  53  4:55  Drone x2  
  53  4:58  Drone x5  
  60  5:08  Zergling x2  
  60  5:11  Overlord x2  
  61  5:15  Hatchery  
  62  5:21  Roach x3  
  62  5:22  Roach x4  
  74  5:29  Metabolic Boost  
  74  5:35  Drone x2  
  76  5:36  Roach x4  
  76  5:37  Roach  
  86  5:48  Drone x5  
  91  5:57  Evolution Chamber  
  90  6:09  Drone x3  
  90  6:10  Hydralisk Den  
  96  6:11  Roach x3  
  96  6:13  Overlord x3  
  94  6:27  Roach x5  
  94  6:30  Overlord x2  
  94  6:31  Overlord  
  100  6:37  Ravager  
  100  6:39  Ravager x3  
  104  6:45  Roach x4  
  104  6:46  Roach x5  
  122  6:54  Zerg Missile Weapons Level 2  
  122  7:06  Zergling x2  
  122  7:17  Ravager  
  122  7:19  Roach x7  
  122  7:20  Roach x4  
  145  7:27  Drone x3  
  148  7:31  Extractor  
  148  7:32  Extractor  
  148  7:35  Drone x4  
  150  7:43  Hatchery  
  148  7:45  Extractor  
  148  7:46  Extractor  
  146  7:52  Glial Reconstitution  
  146  7:57  Overlord x2  
  146  7:59  Drone x4  
  148  8:15  Drone x2  
  148  8:16  Overlord x2  
  148  8:17  Overlord  
  150  8:29  Infestation Pit  
  150  8:30  Muscular Augments  
  141  8:48  Zerg Ground Armor Level 1  
  141  8:50  Overlord  
  141  8:53  Zergling x2  
  141  8:54  Zergling x8  
  141  8:55  Zergling x18  
  155  9:05  Hive  
  155  9:11  Hydralisk, Roach x4  
  155  9:12  Hydralisk x3  
  170  9:41  Hydralisk x5  
  170  9:42  Hydralisk x8  
  181  10:08  Zergling x2  
  181  10:11  Queen  
  181  10:12  Drone x3  
  181  10:13  Drone x3  
  190  10:31  Lurker Den  
  190  10:34  Spire  
  181  10:37  Ultralisk Cavern  
  154  10:45  Hatchery, Extractor  
  154  10:48  Extractor  
  119  11:14  Adrenal Glands  
  119  11:39  Zergling x2  
  119  11:40  Zergling x12  
  119  11:41  Zergling x6  
  128  11:50  Chitinous Plating  
  128  11:52  Ultralisk x3  
  128  11:53  Ultralisk x4  
  170  11:55  Zergling x2  
  170  11:57  Zergling x20  
  170  11:58  Zergling x14  
  187  12:20  Lurker x3  
  187  12:21  Lurker x4  
  185  12:38  Zergling x2  
Show
View Real Time Build Order
Export as new Build Order

EPHIXA Protoss 

Build Orders:  

Get SALT Encoding   

  12  0:01  Probe (Chrono Boost)  
  14  0:14  Probe (Chrono Boost)  
  14  0:18  Pylon  
  14  0:25  Probe (Chrono Boost)  
  15  0:36  Probe (Chrono Boost)  
  15  0:38  Gateway  
  16  0:44  Assimilator  
  16  0:47  Probe (Chrono Boost)  
  17  0:58  Probe (Chrono Boost)  
  17  1:01  Pylon  
  18  1:14  Probe (Chrono Boost)  
  19  1:25  Cybernetics Core, Probe (Chrono Boost)  
  20  1:35  Probe (Chrono Boost)  
  21  1:48  Nexus  
  21  1:50  Probe (Chrono Boost)  
  23  2:01  Warp Gate (Chrono Boost)  
  23  2:05  Mothership Core (Chrono Boost)  
  24  2:15  Adept  
  26  2:24  Probe  
  27  2:40  Probe  
  28  2:52  Probe  
  28  2:56  Pylon, Gateway x2  
  29  3:00  Pylon  
  29  3:03  Gateway  
  29  3:04  Probe  
  29  3:05  Probe  
  31  3:16  Probe x2  
  33  3:20  Pylon  
  33  3:27  Probe (Chrono Boost)  
  33  3:28  Probe (Chrono Boost)  
  35  3:38  Probe (Chrono Boost)  
  35  3:39  Probe (Chrono Boost)  
  37  3:49  Probe (Chrono Boost)  
  37  3:51  Gateway  
  37  3:54  Sentry  
  37  3:55  Sentry  
  42  3:57  Zealot  
  44  4:03  Gateway  
  44  4:04  Probe (Chrono Boost)  
  44  4:05  Probe (Chrono Boost)  
  46  4:15  Probe x2 (Chrono Boost)  
  48  4:20  Stalker x2  
  52  4:25  Pylon, Probe (Chrono Boost)  
  52  4:26  Probe (Chrono Boost)  
  52  4:29  Forge  
  54  4:36  Probe x2 (Chrono Boost)  
  56  4:47  Probe x2 (Chrono Boost)  
  56  4:48  Stalker  
  56  4:49  Stalker  
  56  4:52  Pylon  
  62  4:54  Assimilator  
  62  4:57  Probe x2 (Chrono Boost), Assimilator  
  62  4:59  Assimilator  
  64  5:01  Pylon  
  64  5:08  Probe x2 (Chrono Boost)  
  66  5:18  Probe x2 (Chrono Boost)  
  68  5:24  Photon Cannon  
  68  5:26  Photon Cannon  
  68  5:29  Probe x2 (Chrono Boost)  
  68  5:30  Photon Cannon  
  68  5:33  Photon Cannon  
  70  5:38  Photon Cannon  
  70  5:39  Photon Cannon, Probe (Chrono Boost)  
  70  5:42  Protoss Ground Weapons Level 1  
  71  5:48  Robotics Facility  
  71  5:51  Stalker x2  
  75  6:02  Stalker x3  
  81  6:06  Zealot  
  83  6:18  Photon Cannon x2  
  80  6:36  Stalker x3  
  80  6:37  Stalker  
  89  6:40  Observer  
  89  6:48  Robotics Bay  
  89  6:53  Stalker  
  89  6:54  Stalker  
  93  7:09  Probe (Chrono Boost)  
  93  7:12  Pylon  
  93  7:13  Pylon  
  93  7:15  Pylon, Probe (Chrono Boost)  
  93  7:16  Pylon  
  93  7:21  Probe (Chrono Boost)  
  94  7:25  Pylon  
  94  7:30  Probe (Chrono Boost), Stalker x3  
  94  7:32  Stalker x3  
  107  8:11  Stalker x2  
  107  8:12  Stalker x4  
  119  8:15  Immortal (Chrono Boost)  
  111  8:48  Stalker x4  
  117  8:49  Stalker x2  
  117  8:50  Immortal (Chrono Boost), Protoss Ground Armor Level 1  
  130  9:24  Immortal (Chrono Boost)  
  126  9:53  Nexus  
  111  10:05  Stalker  
  113  10:08  Immortal (Chrono Boost)  
  113  10:09  Stalker  
  113  10:10  Stalker  
  113  10:13  Stalker x3  
  107  10:43  Immortal (Chrono Boost)  
  107  10:45  Stalker x4  
  107  10:46  Stalker  
  97  10:56  Stalker  
  89  11:10  Stalker x4  
  89  11:11  Stalker  
  99  11:17  Immortal (Chrono Boost)  
  103  11:24  Stalker  
  103  11:25  Nexus  
  105  11:26  Pylon  
  105  11:28  Pylon  
  105  11:44  Stalker x2  
  109  11:51  Immortal (Chrono Boost)  
  113  12:06  Stalker x2  
  117  12:14  Zealot  
  119  12:25  Zealot  
  121  12:35  Assimilator  
  121  12:44  Zealot  
  121  12:45  Zealot  
  125  12:56  Twilight Council  
Tags
 
Composition
Lurkers
Matchup
PvZ
Opening
Pool First
Add a new tag
Caveats
  • Supply blocks, unpowered buildings, or Contaminate may cause inaccurate times.
  • Supply counts are checked every 10 seconds.